 Dungeon Crawl Stone Soup version 0.31-a0-986-g5e6e4ef867 (webtiles) character file.

Game seed: 10045208623605729605

210985 DoNotCum the Sorcerer (level 18, 0/98 HPs)
             Began as a Deep Elf Conjurer on Nov 20, 2023.
             Was a High Priest of Vehumet.
             Slain by a +0 heavy broad axe (22 damage)
             ... on level 2 of the Elven Halls on Nov 22, 2023.
             The game lasted 03:01:56 (51467 turns).

DoNotCum the Sorcerer (Deep Elf Conjurer)          Turns: 51467, Time: 03:01:56

Health: 0/98       AC: 12    Str:  7    XL:     18   Next: 20%
Magic:  0/45       EV: 12    Int: 44    God:    Vehumet [*****.]
Gold:   1291       SH:  5    Dex:  6    Spells: 8/59 levels left

rFire   + + .        O - staff of air
rCold   x . .        n - +2 buckler
rNeg    . . .        H - +0 acid dragon scales
rPois   +            I - +2 hat
rElec   +            M - scarf {repulsion}
rCorr   +            l - +0 pair of gloves of Modesty {rF+ Int+5 Dex-3}
SInv    +            t - +0 pair of boots
Will    ++++.        z - amulet "Manocy Huho" {Spirit rPois Str+3}
Stlth   ++           g - ring of Creativity {rF+ rC- Will+++ Int+7 Dex-4}
HPRegen 0.36/turn    y - ring of see invisible
MPRegen 0.29/turn

%: repel missiles, guardian spirit
@: brilliant, swift, studying 2 skills, quick
A: no striking features
}: 1/15 runes: serpentine
a: Renounce Religion


You were on level 2 of the Elven Halls.
You worshipped Vehumet.
Vehumet was extremely pleased with you.
You visited 6 branches of the dungeon, and saw 29 of its levels.
You also visited: Trove and Sewer.

You collected 2838 gold pieces.
You spent 1547 gold pieces at shops.

Inventory:

Missiles
 a - 3 throwing nets
Armour
 l - the +0 pair of gloves of Modesty (worn) {rF+ Int+5 Dex-3}
   (You found it on level 1 of the Snake Pit)

   Int+5:     It affects your intelligence (+5).
   Dex-3:     It affects your dexterity (-3).
   rF+:       It protects you from fire.
 n - a +2 buckler (worn)
 t - a +0 pair of boots (worn)
 H - +0 acid dragon scales (worn)
 I - a +2 hat (worn)
 M - a scarf of repulsion (worn)
Magical Staves
 O - a staff of air (weapon)
Jewellery
 d - a ring of positive energy
 g - the ring of Creativity (left hand) {rF+ rC- Will+++ Int+7 Dex-4}
   (You bought it in a shop on level 2 of the Orcish Mines)

   [ring of protection from fire]

   Int+7:     It affects your intelligence (+7).
   Dex-4:     It affects your dexterity (-4).
   rF+:       It protects you from fire.
   rC-:       It makes you vulnerable to cold.
   Will+++:   It greatly increases your willpower.
 o - the ring "Gef Vadizigg" {Fly rC+ Will- MP+9 Int+3}
   (You found it in a treasure trove)

   [ring of flight]

   Int+3:     It affects your intelligence (+3).
   rC+:       It protects you from cold.
   Will-:     It decreases your willpower.
   MP+9:      It affects your magic capacity (+9).
   Fly:       It grants you flight.
 s - the ring "Gydox" {rF+ rC+ Str-3 Dex+4}
   (You found it in a treasure trove)

   [ring of protection from fire]

   Str-3:     It affects your strength (-3).
   Dex+4:     It affects your dexterity (+4).
   rF+:       It protects you from fire.
   rC+:       It protects you from cold.
 y - a ring of see invisible (right hand)
 z - the amulet "Manocy Huho" (around neck) {Spirit rPois Str+3}
   (You found it on level 5 of the Dungeon)

   [amulet of guardian spirit]

   Spirit:    It causes incoming damage to be divided between your reserves of
   health and magic.
   Str+3:     It affects your strength (+3).
   rPois:     It protects you from poison
 U - the ring of Gin and Tonic {rC+ Will+ Str+6 Dex+2}
   (You bought it in a shop on level 2 of the Orcish Mines)

   [ring of strength]

   Str+6:     It affects your strength (+6).
   Dex+2:     It affects your dexterity (+2).
   rC+:       It protects you from cold.
   Will+:     It increases your willpower.
 V - an amulet of magic regeneration
 Z - a ring of poison resistance
Wands
 r - a wand of light (2)
 w - a wand of digging (10)
 B - a wand of mindburst (16)
 X - a wand of iceblast (1)
Scrolls
 c - 11 scrolls of revelation
 h - 3 scrolls of fear
 j - 5 scrolls of immolation
 k - 5 scrolls of vulnerability
 m - 3 scrolls of fog
 q - 2 scrolls of noise
 u - 4 scrolls of blinking
 C - 13 scrolls of teleportation
 F - 4 scrolls of amnesia
 G - 3 scrolls of poison
 N - a scroll of enchant weapon
 W - 2 scrolls of summoning
Potions
 b - 4 potions of magic
 e - 3 potions of lignification
 f - 9 potions of brilliance
 i - 4 potions of mutation
 p - 3 potions of attraction
 x - a potion of cancellation
 D - 6 potions of curing
 E - 14 potions of ambrosia
 J - a potion of enlightenment
 L - 2 potions of resistance
 P - 8 potions of haste
 Y - a potion of heal wounds


   Skills:
 - Level 6.0 Fighting
 + Level 5.6 Armour
 - Level 12.0 Dodging
 - Level 6.0 Stealth
 + Level 2.2 Shields
 + Level 21.2 Spellcasting
 + Level 16.2 Conjurations
 - Level 10.0 Hexes
 - Level 9.0 Summonings
 - Level 5.0 Translocations
 + Level 16.6 Air Magic
 - Level 8.0 Earth Magic


You had 8 spell levels left.
You knew the following spells:

 Your Spells              Type           Power      Damage    Failure   Level
a - Airstrike             Air            81%        2d(12-28) 0%          4
b - Magic Dart            Conj           100%       1d8       0%          1
c - Fulminant Prism       Conj/Hex       63%        3d26      1%          4
d - Iskenderun's Mystic   Conj/Tloc      100%       2d19      1%          4
e - Conjure Ball Lightni  Conj/Air       81%        3x3d31    1%          6
f - Cause Fear            Hex            58%        N/A       1%          4
g - Spellforged Servitor  Conj/Summ      63%        N/A       1%          7
h - Maxwell's Capacitive  Air            81%        ∞         2%          8
i - Lee's Rapid Deconstr  Erth           54%        3d25*     1%          5
j - Arcjolt               Conj/Air       81%        1d91      1%          5
k - Swiftness             Air            100%       N/A       0%          3

Your spell library contained the following spells:

 Spells                   Type           Power      Damage    Failure   Level
 Bombard                  Conj/Erth      62%        9d10      1%          6
 Shock                    Conj/Air       100%       1d9       0%          1
 Searing Ray              Conj           100%       2d8       0%          2
 Static Discharge         Conj/Air       100%       3-8/arc   0%          2
 Dazzling Flash           Conj/Hex       100%       N/A       0%          3
 Apportation              Tloc           100%       N/A       1%          1
 Necrotise                Necr           100%       1d9       1%          1
 Summon Small Mammal      Summ           100%       N/A       1%          1
 Cigotuvi's Dreadful Rot  Necr/Pois/Air  100%       N/A       1%          2
 Jinxbite                 Hex            100%       N/A       1%          2
 Lesser Beckoning         Tloc           100%       N/A       1%          2
 Wereblood                Tmut           63%        N/A       1%          2
 Call Canine Familiar     Summ           100%       N/A       1%          3
 Gell's Gravitas          Tloc           94%        N/A       1%          3
 Ignite Poison            Fire/Tmut/Pois 63%        N/A       1%          3
 Summon Guardian Golem    Hex/Summ       100%       N/A       1%          3
 Teleport Other           Tloc           94%        N/A       1%          3
 Tukima's Dance           Hex            100%       N/A       1%          3
 Dimensional Bullseye     Hex/Tloc       53%        N/A       1%          4
 Passage of Golubria      Tloc           94%        N/A       1%          4
 Vhi's Electric Charge    Tloc/Air       100%       N/A       1%          4
 Fireball                 Conj/Fire      54%        3d21      1%          5
 Freezing Cloud           Conj/Ice/Air   72%        6-21      1%          5
 Irradiate                Conj/Tmut      54%        3d29      1%          5
 Silence                  Hex/Air        76%        N/A       1%          5
 Summon Forest            Summ/Tloc      52%        N/A       1%          5
 Summon Mana Viper        Hex/Summ       100%       N/A       1%          5
 Ozocubu's Armour         Ice            63%        N/A       3%          3
 Metabolic Englaciation   Hex/Ice        47%        N/A       4%          5
 Summon Cactus Giant      Summ           56%        N/A       4%          6
 Dispel Undead            Necr           63%        3d22      12%         4
 Lehudib's Crystal Spear  Conj/Erth      62%        10d14     14%         8
 Agony                    Necr           63%        N/A       32%         5
 Alistair's Intoxication  Tmut/Pois      42%        N/A       32%         5
 Death Channel            Necr           31%        N/A       88%         6
 Simulacrum               Ice/Necr       31%        N/A       88%         6
 Dragon's Call            Summ           56%        N/A       100%        9


Dungeon Overview and Level Annotations

Branches:
Dungeon (15/15)            Temple (1/1) D:6            Lair (5/5) D:10
 Shoals (0/4) Lair:3        Snake (4/4) Lair:2          Orc (2/2) D:11
    Elf (2/3) Orc:2        Vaults (0/5) D:13         Depths (0/4) D:15
  Sewer (visited)
  Slime: Lair:4-5

Altars:
Ashenzari
Cheibriados
Dithmenos
Elyvilon
Fedhas
Gozag
Hepliaklqana
Kikubaaqudgha
Makhleb
Nemelex Xobeh
Okawaru
Qazlal
Ru
Sif Muna
Trog
Uskayaw
Vehumet
Wu Jian
Xom
Yredelemnul
Zin
The Shining One

Shops:
Orc:1 =   Orc:2 ==([   Elf:2 *:!=[:

Annotations:
Elf:1 9 runed translucent doors
Elf:2 5 runed translucent doors


Message History

As you read the scroll of teleportation, it crumbles to dust.
You feel strangely unstable.
You feel sick.
You feel better.
Casting: Iskenderun's Mystic Blast (safe; 1% risk of failure)
Confirm with . or Enter, or press ? or * to list all spells.
You feel a surge of power!
You erupt in a blast of force!
The mystic blast hits the deep elf zephyrmancer!!
The deep elf zephyrmancer is heavily wounded.
The mystic blast hits the +2 vampiric scimitar!
The +2 vampiric scimitar is almost destroyed.
The mystic blast hits your spellforged servitor!!
Your spellforged servitor is severely damaged.
You hear a shout! x2
Casting: Iskenderun's Mystic Blast (safe; 1% risk of failure)
Confirm with . or Enter, or press ? or * to list all spells.
You feel a surge of power!
You erupt in a blast of force!
The mystic blast hits the deep elf knight!
The deep elf knight is moderately wounded.
The mystic blast hits the deep elf pyromancer!!
The deep elf pyromancer is severely wounded.
The mystic blast hits the +0 heavy broad axe!
The +0 heavy broad axe is almost destroyed.
The +2 glaive of venom hits you from afar!!
* * * LOW HITPOINT WARNING * * *
Casting: Iskenderun's Mystic Blast (safe; 1% risk of failure)
Confirm with . or Enter, or press ? or * to list all spells.
You feel a surge of power!
You erupt in a blast of force!
The mystic blast hits the +2 vampiric scimitar.
The +2 vampiric scimitar falls from the air.
Vehumet accepts your kill.
The mystic blast hits the +2 glaive of venom!!
The +2 glaive of venom is severely damaged.
The mystic blast hits your spellforged servitor!
Your spellforged servitor is almost destroyed.
Your surroundings suddenly seem different.
A +1 short sword of speed comes into view.
The +0 heavy broad axe hits you!!
You die...

#....§§§§§#
#....§§§§§##
..e..§§§§§.#
.....§§§§§..#
.....§§§§§.##
.....##9§§## ...##
##§.# .. ##.(## e
#...@# #.....#
.......##### ..(....
#.# .....## #.# #####
#.#
#################.#
###.....).'.......(.#
.))...#####.........#


You could see 2 dancing weapons and a friendly spellforged servitor (summoned).

Vanquished Creatures
  Vashnia (Snake:3)
  2 tentacled monstrosities (Elf:2)
  Aizul (Snake:1)
  Agnes (D:14)
  Kirke (Elf:1)
  3 nagarajas (Snake:4)
  A deep elf sorcerer (Elf:1)
  An orc warlord (Orc:2)
  7 very ugly things (Elf:2)
  2 entropy weavers (shapeshifter)
  3 deep elf high priests (Elf:1)
  4 hydras
  6 salamander tyrants (Snake:4)
  14 anacondas
  A sphinx zombie (D:15)
  5 centaur warriors
  5 boulder beetles
  9 dancing weapons
  An ogre mage (D:13)
  A death knight (D:15)
  8 two-headed ogres
  2 catoblepae
  12 naga warriors
  A tengu warrior (D:15)
  A vampire mage (D:15)
  2 death yaks (Lair:4)
  3 orc high priests (Orc:2)
  21 naga sharpshooters
  An occultist (D:15)
  9 deep elf knights
  Urug (Lair:2)
  A storm dragon zombie (D:15)
  5 shock serpents
  Nergalle (Lair:2)
  2 skysharks (Lair:3)
  4 salamander mystics (Snake:4)
  4 skeletal warriors (D:15)
  A glowing orange brain (Elf:2)
  9 deep elf archers
  6 naga ritualists
  An arcanist (D:14)
  2 lindwurms
  4 orc knights
  19 deep elf zephyrmancers
  A necromancer (D:15)
  17 ugly things
  3 cyclopes
  21 deep elf pyromancers
  A manticore (D:10)
  2 orc sorcerers
  13 salamanders
  6 mana vipers
  34 black mambas
  4 elephants (Lair:4)
  9 centaur zombies (D:13)
  10 guardian serpents
  18 naga magi
  A gargoyle (D:12)
  An unseen horror (D:12)
  3 rime drakes
  19 cane toads
  8 komodo dragons
  Jeremiah (D:6)
  2 freezing wraiths
  A tengu conjurer (D:15)
  A yaktaur (D:10)
  3 meliai (D:12)
  A queen bee (D:12)
  6 trolls
  6 polar bears
  A hornet (D:10)
  Grinder (D:6)
  A snapping turtle (Lair:3)
  19 blink frogs
  3 meliai zombies (D:13)
  A shadow (D:11)
  4 air elementals
  A centaur simulacrum (D:14)
  21 slime creatures
  A vampire (D:10)
  Sigmund (D:6)
  41 yaks
  A ynoxinul (D:10)
  5 wyverns
  7 water elementals
  3 wraiths
  A fire elemental (Elf:2)
  7 basilisks
  4 hogs (Elf:1)
  4 steam dragons
  46 nagas
  15 vampire mosquitoes
  4 acid dragons
  2 wargs (Orc:2)
  18 water moccasins
  22 orc warriors
  3 swamp drakes (Lair:5)
  4 ice beasts
  6 black bears
  5 ogres
  11 centaurs
  7 kobold brigands
  3 gnoll sergeants
  16 bullfrogs
  A scorpion (D:5)
  2 earth elementals
  13 wights
  30 killer bees
  3 howler monkeys
  5 electric eels
  2 jellies (D:5)
  6 hounds
  27 orc priests
  Jessica (D:2)
  A gnoll bouda (D:8)
  6 iguanas
  A boggart zombie (D:13)
  29 orc wizards
  5 sleepcaps
  8 gnolls
  7 adders
  2 river rats (D:5)
  A shadow imp (D:8)
  2 white imps (D:7)
  3 worms
  4 dart slugs
  81 orcs
  12 ball pythons
  3 bats
  6 endoplasms
  7 giant cockroaches
  11 hobgoblins
  7 jackals (D:3)
  10 quokkas
  13 frilled lizards
  5 goblins
  24 kobolds
  9 rats
1017 creatures vanquished.

Vanquished Creatures (collateral kills)
  3 deep elf knights (Elf:2)
  2 deep elf archers (Elf:2)
  A deep elf pyromancer (D:13)
  4 ball lightnings
10 creatures vanquished.

Vanquished Creatures (others)
  91 ball lightnings
  385 fulminant prisms
476 creatures vanquished.

Grand Total: 1503 creatures vanquished

Notes
Turn   | Place    | Note
-------+----------+-------------------------------------------
     0 | D:1      | DoNotCum the Deep Elf Conjurer began the quest for the Orb.
     0 | D:1      | Reached XP level 1. HP: 10/10 MP: 6/6
   195 | D:1      | Reached XP level 2. HP: 15/15 MP: 2/8
   963 | D:1      | Reached skill level 4 in Spellcasting
  1208 | D:2      | Noticed Jessica
  1211 | D:2      | Killed Jessica
  1212 | D:2      | Reached skill level 5 in Conjurations
  1212 | D:2      | Reached XP level 3. HP: 19/19 MP: 6/10
  1408 | D:2      | Reached XP level 4. HP: 24/24 MP: 10/12
  2253 | D:2      | Learned a level 2 spell: Searing Ray
  2258 | D:2      | Learned a level 4 spell: Fulminant Prism
  2263 | D:2      | Learned a level 4 spell: Iskenderun's Mystic Blast
  2400 | D:3      | Reached skill level 5 in Spellcasting
  2552 | D:3      | Found a broken altar of Ashenzari.
  2552 | D:3      | Found a glowing silver altar of Zin.
  2552 | D:3      | Found a sparkling altar of Nemelex Xobeh.
  2763 | D:3      | Reached skill level 1 in Translocations
  2895 | D:3      | Reached XP level 5. HP: 28/28 MP: 2/14
  3147 | D:3      | Learned a level 3 spell: Swiftness
  3702 | D:4      | Noticed a black bear
  3705 | D:4      | Noticed an ogre
  3712 | D:4      | Killed a black bear
  3713 | D:4      | Reached XP level 6. HP: 32/32 MP: 4/15
  4298 | D:5      | Entered Level 5 of the Dungeon
  4298 | D:5      | Found a hide-covered altar of Uskayaw.
  4303 | D:5      | Reached skill level 5 in Translocations
  4377 | D:5      | Reached skill level 1 in Hexes
  4386 | D:5      | Identified the amulet "Manocy Huho" {Spirit rPois Str+3}
  4430 | D:5      | Found a glowing drain.
  4439 | Sewer    | Entered a sewer
  4518 | Sewer    | Reached skill level 1 in Air Magic
  5030 | Sewer    | Reached XP level 7. HP: 33/36 MP: 8/16
  5881 | D:5      | Reached skill level 5 in Hexes
  6229 | D:5      | Reached XP level 8. HP: 40/41 MP: 7/17
  6445 | D:5      | Reached skill level 5 in Air Magic
  6745 | D:6      | Noticed Jeremiah
  6877 | D:6      | Noticed Grinder
  6884 | D:6      | Killed Grinder
  6885 | D:6      | Reached skill level 1 in Armour
  6997 | D:6      | Found a stormy altar of Qazlal.
  7087 | D:6      | Reached skill level 6 in Spellcasting
  7148 | D:6      | Killed Jeremiah
  7149 | D:6      | Reached XP level 9. HP: 45/45 MP: 4/21
  7174 | D:6      | Reached skill level 7 in Spellcasting
  7417 | D:6      | Reached skill level 5 in Dodging
  7520 | D:6      | Noticed Sigmund
  7532 | D:6      | Killed Sigmund
  7661 | D:6      | Found a staircase to the Ecumenical Temple.
  7936 | Temple   | Entered the Ecumenical Temple
  7945 | Temple   | Became a worshipper of Vehumet
  8218 | D:6      | Reached skill level 8 in Spellcasting
  8727 | D:7      | HP: 1/45 [poisoned by a kobold brigand (curare-tipped
                  | dart)]
  8875 | D:7      | Found a white marble altar of Elyvilon.
  8906 | D:7      | Found a basalt altar of Yredelemnul.
  8910 | D:7      | Found a blossoming altar of Fedhas.
  9133 | D:7      | Reached skill level 9 in Spellcasting
  9135 | D:7      | Noticed a two-headed ogre
  9620 | D:7      | Reached skill level 10 in Spellcasting
  9626 | D:7      | Reached * piety under Vehumet
  9626 | D:7      | Offered knowledge of Freeze by Vehumet.
  9978 | D:7      | Killed a two-headed ogre
  9979 | D:7      | Reached XP level 10. HP: 27/50 MP: 2/26
 10575 | D:8      | Noticed a two-headed ogre
 11207 | D:8      | Killed a two-headed ogre
 11208 | D:8      | Reached skill level 5 in Stealth
 11208 | D:8      | Reached skill level 11 in Spellcasting
 11233 | D:8      | Reached ** piety under Vehumet
 11233 | D:8      | Offered knowledge of Scorch by Vehumet.
 11382 | D:8      | Found a shadowy altar of Dithmenos.
 11649 | D:8      | Learned a level 4 spell: Airstrike
 11655 | D:8      | Learned a level 5 spell: Arcjolt
 11935 | D:9      | Noticed a two-headed ogre
 11956 | D:9      | Noticed a brown ugly thing
 11958 | D:9      | Killed a two-headed ogre
 12125 | D:9      | Noticed a boulder beetle
 12564 | D:10     | Identified the "Yreass"
 12564 | D:10     | Entered Level 10 of the Dungeon
 12958 | D:9      | Killed a brown ugly thing
 13129 | D:9      | Killed a boulder beetle
 13130 | D:9      | Reached skill level 12 in Spellcasting
 13130 | D:9      | Reached XP level 11. HP: 54/54 MP: 3/29
 13782 | D:10     | Found a shimmering blue altar of Sif Muna.
 13970 | D:10     | Found a staircase to the Lair.
 14263 | D:10     | Offered knowledge of Hailstorm by Vehumet.
 14361 | D:10     | Noticed a two-headed ogre
 14367 | D:10     | Killed a two-headed ogre
 14518 | D:10     | Reached skill level 13 in Spellcasting
 14628 | D:10     | Noticed a catoblepas
 14775 | D:10     | Killed a catoblepas
 14775 | D:10     | Reached *** piety under Vehumet
 15199 | D:10     | Found a bloodstained altar of Trog.
 15960 | D:11     | Reached skill level 10 in Conjurations
 16115 | D:11     | Found a staircase to the Orcish Mines.
 16893 | Lair:1   | Entered Level 1 of the Lair of Beasts
 17029 | Lair:1   | Reached skill level 14 in Spellcasting
 17029 | Lair:1   | Reached XP level 12. HP: 59/59 MP: 21/32
 17328 | Lair:1   | Offered knowledge of Frozen Ramparts by Vehumet.
 17329 | Lair:1   | Reached skill level 10 in Air Magic
 18366 | Lair:1   | Noticed an eight-headed hydra
 18371 | Lair:1   | Killed an eight-headed hydra
 18540 | Lair:1   | Reached skill level 15 in Spellcasting
 20042 | Lair:2   | Found a staircase to the Snake Pit.
 20287 | Lair:2   | Noticed Nergalle
 20291 | Lair:2   | Killed Nergalle
 20582 | Lair:2   | Reached **** piety under Vehumet
 20799 | Lair:2   | Offered knowledge of Brom's Barrelling Boulder by Vehumet.
 20800 | Lair:2   | Reached XP level 13. HP: 63/63 MP: 13/34
 21016 | Lair:2   | Noticed Urug
 21020 | Lair:2   | Killed Urug
 21021 | Lair:2   | Reached skill level 16 in Spellcasting
 21203 | Lair:2   | Learned a level 4 spell: Cause Fear
 21212 | Lair:2   | Learned a level 8 spell: Maxwell's Capacitive Coupling
 22386 | Lair:3   | Found a staircase to the Shoals.
 24008 | Lair:4   | Reached skill level 17 in Spellcasting
 24453 | Lair:4   | Reached ***** piety under Vehumet
 24490 | Lair:4   | Offered knowledge of Lee's Rapid Deconstruction by Vehumet.
 25504 | Lair:5   | Entered Level 5 of the Lair of Beasts
 26003 | Lair:5   | Reached XP level 14. HP: 40/68 MP: 1/37
 26401 | Lair:5   | HP: 2/68 [komodo dragon (16)]
 26747 | Orc:1    | Entered Level 1 of the Orcish Mines
 26757 | D:11     | Learned a level 5 spell: Lee's Rapid Deconstruction
 27144 | Orc:1    | Found Gicsejee's Jewellery Shop.
 27262 | Orc:2    | Entered Level 2 of the Orcish Mines
 27392 | Orc:2    | Reached skill level 1 in Earth Magic
 27642 | Orc:2    | Offered knowledge of Flame Wave by Vehumet.
 28107 | Orc:2    | Reached skill level 18 in Spellcasting
 28248 | Orc:2    | Noticed an orc warlord
 28254 | Orc:2    | Killed an orc warlord
 28951 | Orc:2    | Found Fonug's Antique Armour Shop.
 28955 | Orc:2    | Found Sievuq's Antique Weapon Boutique.
 29015 | Orc:2    | Found a staircase to the Elven Halls.
 29472 | Orc:2    | Found Koarch's Jewellery Shop.
 29907 | Orc:2    | Found Qicrih's Jewellery Shop.
 29913 | Orc:2    | Bought the ring of Creativity {rF+ rC- Will+++ Int+7 Dex-4}
                  | for 770 gold pieces
 30712 | D:12     | Offered knowledge of Conjure Ball Lightning by Vehumet.
 31178 | D:12     | Learned a level 6 spell: Conjure Ball Lightning
 32697 | D:13     | Found a gate to the Vaults.
 33169 | D:13     | Found a basalt altar of Yredelemnul.
 33498 | D:14     | Reached XP level 15. HP: 72/72 MP: 27/39
 34014 | D:14     | Noticed Agnes
 34020 | D:14     | Killed Agnes
 34021 | D:14     | Reached skill level 5 in Earth Magic
 34142 | D:14     | Offered knowledge of Ozocubu's Refrigeration by Vehumet.
 34465 | D:14     | Reached skill level 15 in Conjurations
 34710 | D:15     | Entered Level 15 of the Dungeon
 34802 | D:15     | Reached skill level 10 in Dodging
 35578 | D:15     | Reached skill level 5 in Armour
 36164 | D:15     | Found a staircase to the Depths.
 36831 | D:15     | Reached skill level 10 in Hexes
 37252 | Snake:1  | Entered Level 1 of the Snake Pit
 37978 | Lair:2   | Identified a scroll of acquirement
 37978 | Lair:2   | Acquired a staff of air
 38337 | Snake:1  | Identified the +0 pair of gloves of Modesty {rF+ Int+5
                  | Dex-3}
 39075 | Snake:1  | Identified the serpent talisman of Insatiable Hunger
                  | {+Blink rC+ Will+}
 39075 | Snake:1  | Noticed Aizul
 39079 | Snake:1  | Killed Aizul
 39697 | Snake:2  | Reached skill level 15 in Air Magic
 39699 | Snake:2  | Reached XP level 16. HP: 69/76 MP: 34/40
 39917 | Snake:2  | Offered knowledge of Spellforged Servitor by Vehumet.
 40796 | Snake:2  | Found a snail-covered altar of Cheibriados.
 41023 | Snake:3  | Reached skill level 1 in Fighting
 41463 | Snake:3  | Noticed Vashnia
 42628 | Snake:3  | Killed Vashnia
 42918 | Snake:4  | Entered Level 4 of the Snake Pit
 42929 | Snake:3  | Learned a level 7 spell: Spellforged Servitor
 43000 | Snake:4  | Reached skill level 1 in Summonings
 43758 | Snake:4  | Offered knowledge of Orb of Destruction by Vehumet.
 44467 | Snake:4  | Reached skill level 19 in Spellcasting
 44906 | Snake:4  | Reached XP level 17. HP: 90/90 MP: 33/42
 45765 | Snake:4  | Reached skill level 5 in Fighting
 45787 | Snake:4  | Reached skill level 5 in Summonings
 46717 | Snake:4  | Got a serpentine rune of Zot
 47013 | Vaults:5 | Identified the "Jiow"
 47013 | Vaults:5 | Identified the "Haudoabiu"
 47013 | Depths:2 | Identified the "Edusi"
 47013 | Elf:1    | Entered Level 1 of the Elven Halls
 47075 | Orc:2    | Bought the ring of Gin and Tonic {rC+ Will+ Str+6 Dex+2}
                  | for 777 gold pieces
 47852 | Elf:1    | Noticed Kirke
 47857 | Elf:1    | Killed Kirke
 48056 | Elf:1    | Found a runed translucent gate.
 48057 | Elf:1    | Found a runed translucent gate.
 48057 | Elf:1    | Found a runed translucent gate.
 48072 | Elf:1    | Reached skill level 20 in Spellcasting
 48232 | Elf:1    | Offered knowledge of Bombard by Vehumet.
 48253 | Elf:1    | Paralysed by an air elemental for 1 turns
 48799 | Elf:1    | Found a runed translucent gate.
 48799 | Elf:1    | Found a runed translucent gate.
 48799 | Elf:1    | Found a runed translucent gate.
 48799 | Elf:1    | Found a runed translucent gate.
 48799 | Elf:1    | Found a runed translucent gate.
 48801 | Elf:1    | Found a runed translucent gate.
 49558 | Elf:1    | Found a portal to a secret trove of treasure.
 49567 | Elf:1    | You paid a toll of 4 scrolls of blinking to enter a
                  | treasure trove
 49568 | Trove    | Entered a treasure trove
 49623 | Trove    | Identified the ring "Gef Vadizigg" {Fly rC+ Will- MP+9
                  | Int+3}
 49625 | Trove    | Identified the amulet of Maipn {Spirit rPois}
 49627 | Trove    | Identified the ring "Gydox" {rF+ rC+ Str-3 Dex+4}
 49773 | Elf:2    | Found a huge runed translucent gate.
 49773 | Elf:2    | Found a huge runed translucent gate.
 49773 | Elf:2    | Found a huge runed translucent gate.
 49970 | Elf:2    | Paralysed by an air elemental for 1 turns
 50193 | Elf:2    | Found a runed translucent gate.
 50193 | Elf:2    | Found a runed translucent gate.
 50193 | Elf:2    | Found a runed translucent gate.
 50198 | Elf:2    | Noticed a tentacled monstrosity
 50198 | Elf:2    | Noticed a tentacled monstrosity
 50266 | Elf:2    | Found Veunire's Distillery.
 50289 | Elf:2    | Found Tiorun's Jewellery Shop.
 50406 | Elf:2    | Found Farek's Armour Shoppe.
 50432 | Elf:2    | Reached skill level 21 in Spellcasting
 50577 | Elf:2    | Reached skill level 1 in Shields
 50633 | Elf:2    | Reached XP level 18. HP: 83/98 MP: 10/45
 50804 | Elf:2    | Found Punn's Assorted Antiques.
 50823 | Elf:2    | Found Turexuy's Book Emporium.
 51089 | Elf:2    | Found Zaud's Self-Published Books.
 51242 | Elf:2    | Found a huge runed translucent gate.
 51242 | Elf:2    | Found a huge runed translucent gate.
 51458 | Elf:2    | Killed a tentacled monstrosity
 51459 | Elf:2    | Killed a tentacled monstrosity
 51467 | Elf:2    | Slain by a +0 heavy broad axe

Illustrated notes

Levels and vault maps discovered:
D:1:      mushboom_english_gardens, layout_basic, wad_woods_river_04
D:2:      layout_loops_ring, minmay_strange_pillars, uniq_jessica
D:3:      layout_rooms, gammafunk_temple_overflow_claw, st_stairs_10
D:4:      layout_rooms
D:5:      layout_loops_ring, eat_drink_and_be_merry_uskayaw,
          lightli_sewer_entry_pipes, grunt_decor_fettered, st_stairs_6
D:6:      layout_gridville, nicolae_qazlal_eye_of_the_storm,
          minmay_temple_entry_fiery, serial_bayou_pond_d,
          lexackson_kobold_supper, uniq_sigmund, uniq_grinder, uniq_jeremiah
D:7:      cheibrodos_fzero, layout_basic, minitemple, solitary_fountain,
          minmay_manual_monstrance
D:8:      layout_rooms, nicolae_dithmenos_the_darkroom
D:9:      minmay_distorted_concentric_squares, layout_irregular_city,
          serial_bayou_pond_a
D:10:     minmay_bloctagon_deflated, layout_irregular_city,
          nzn_overflow_gifts_of_might_and_magic, david_lair_generic
D:11:     layout_grid_maze, orc_0_dummy, serial_bayou, serial_bayou_pond_e,
          serial_bayou_pond_c, serial_bayou_lagoon_a, serial_bayou_pond_a
D:12:     layout_roguey [special_room_bee]
D:13:     layout_basic, hangedman_vaults_entry_quadrant_bands,
          nicolae_yredelemnul_corpse_copse
D:14:     layout_irregular_city, chequers_serial_rivers_room_b,
          kennysheep_generic_room_10, uniq_agnes
D:15:     gammafunk_depths_entry_grave, layout_loops_cross
Temple:   nicolae_temple_bog_church
Lair:1:   layout_gridlike, special_room, st_stairs_7
Lair:2:   layout_roguey, alex1729_snake_entry_snake, lemuel_fruit_tree,
          infiniplex_staircase_pool, uniq_urug, uniq_nergalle
Lair:3:   layout_hall_layers, minmay_shoals_entry_hut,
          chequers_serial_rivers_large_b
Lair:4:   layout_roguey, beast_lair_carwin_11, grunt_megastairs_2,
          infiniplex_staircase_pool_2
Lair:5:   guppyfry_lair_end_dragon, layout_regular_city,
          hangedman_lair_in_review, slime_entry_1, portal_ice_cave_demonic_guard
Snake:1:  layout_layer_cave, hangedman_snake_corridor_split, uniq_aizul
Snake:2:  layout_onion_interference, basic_altar, drop_trap
Snake:3:  layout_misc_corridors, uniq_vashnia
Snake:4:  snake_pit_salamanders_mu, layout_basic
Orc:1:    layout_caves, serial_shops, nicolae_shop_real_fake_doors
Orc:2:    grunt_orc_community_town_hall, layout_diamond_mine,
          grunt_orc_community_big_house_1, grunt_orc_community_big_house_2,
          grunt_orc_community_house_1, grunt_orc_community_house_1,
          grunt_orc_community_house_2, grunt_orc_community_house_3,
          david_defended_altar_orc
Elf:1:    eino_elf_arrival_the_gate, layout_onion_city,
          nicolae_trove_entry_diagonal, orc_legates,
          nicolae_gammafunk_elf_defective_weapons_storage, uniq_kirke
Elf:2:    elven_hall_of_blades_hangedman_alternative [mumra_blade_entry_dagger],
          layout_gridlike, serial_shops, shop, nicolae_shop_tiny_statue_garden,
          shop, nicolae_shop_tiny_glass, shop,
          ploomutoo_gammafunk_ghost_potion_laboratory, nicolae_custom_books

Skill      XL: |  1  2  3  4  5  6  7  8  9 10 11 12 13 14 15 16 17 18 |
---------------+-------------------------------------------------------+-----
Spellcasting   | 4 5 6 10 12 14 15 17 18 19 21 | 21.2
Conjurations   | 5 6 8 10 12 13 14 16 | 16.2
Translocations | 1 3 5 |  5.0
Hexes          | 3 6 8 10 | 10.0
Air Magic      | 1 3 6 7 9 11 13 15 16 | 16.6
Armour         | 2 4 5 |  5.6
Dodging        | 4 8 9 10 11 12 | 12.0
Stealth        | 3 6 |  6.0
Earth Magic    | 4 8 |  8.0
Fighting       | 4 6 |  6.0
Summonings     | 3 9 |  9.0
Shields        | 1 2 |  2.2

Action                     |  1- 3 |  4- 6 |  7- 9 | 10-12 | 13-15 | 16-18 || total
---------------------------+-------+-------+-------+-------+-------+-------++-------
  Melee: Dagger            |     1 |     4 |    49 |     6 |     8 |       ||    68
         Punch             |       |       |     3 |       |       |       ||     3
         Staff             |       |       |       |       |       |     3 ||     3
  Throw: Throwing net      |       |       |       |     1 |       |       ||     1
   Cast: Magic Dart        |    58 |    39 |       |       |       |       ||    97
         Searing Ray       |       |    62 |    57 |     5 |       |       ||   124
         Iskenderun's Myst |       |     1 |    11 |    31 |    95 |    59 ||   197
         Fulminant Prism   |       |       |    41 |   114 |   187 |    43 ||   385
         Airstrike         |       |       |       |   196 |   483 |   359 ||  1038
         Swiftness         |       |       |       |     1 |     1 |     1 ||     3
         Arcjolt           |       |       |       |     2 |     5 |     3 ||    10
         Cause Fear        |       |       |       |       |     2 |     8 ||    10
         Maxwell's Capacit |       |       |       |       |     4 |     3 ||     7
         Conjure Ball Ligh |       |       |       |       |     2 |    43 ||    45
         Spellforged Servi |       |       |       |       |       |     9 ||     9
  Evoke: Wand              |       |       |       |     3 |       |     7 ||    10
    Use: Scroll            |     3 |     5 |     6 |    11 |    12 |     8 ||    45
         Potion            |       |       |     2 |     3 |     3 |     5 ||    13
 Armour: Robe              |       |    21 |    32 |    14 |       |       ||    67
         Acid dragon scale |       |       |       |    59 |   144 |   206 ||   409
  Dodge: Dodged            |     1 |    28 |    33 |    54 |   106 |   103 ||   325
         Repelled          |       |       |       |       |     6 |    19 ||    25
  Block: Buckler           |       |       |       |       |       |     2 ||     2

Table legend: (Time is in decaauts)
 A = Elapsed time spent in this place.
 B = Non-inter-level travel time spent in this place.
 C = Inter-level travel time spent in this place.
 D = Time resting spent in this place.
 E = Time spent auto-exploring this place.
 F = Levels seen in this place.
 G = Mean time per level.
                   A        B        C        D        E       F      G
               +--------+--------+--------+--------+--------+-----+--------+
         Total |  51839 |  46827 |   5012 |   6434 |  34616 |  31 | 1672.2 |
       Dungeon |  24520 |  22401 |   2119 |   3509 |  16251 |  15 | 1634.7 |
        Temple |     18 |      2 |     16 |      0 |      0 |   1 |   18.0 |
          Lair |   9173 |   8123 |   1050 |   1061 |   6150 |   5 | 1834.6 |
     Snake Pit |   9217 |   8070 |   1147 |    458 |   6606 |   4 | 2304.2 |
  Orcish Mines |   3616 |   3344 |    272 |   1142 |   1853 |   2 | 1808.0 |
   Elven Halls |   4037 |   3631 |    406 |    197 |   2914 |   2 | 2018.5 |
         Trove |    127 |    127 |      0 |      0 |     83 |   1 |  127.0 |
         Sewer |   1127 |   1127 |      0 |     67 |    758 |   1 | 1127.0 |
               +--------+--------+--------+--------+--------+-----+--------+

Top non-repeatable levels by time:
 Snake:4: 3403 daAuts
    D:10: 2992 daAuts
  Lair:3: 2748 daAuts
   Elf:1: 2645 daAuts
 Snake:1: 2293 daAuts
  Lair:2: 2285 daAuts
     D:7: 2229 daAuts
   Orc:2: 2075 daAuts
     D:9: 2058 daAuts
  Lair:4: 2054 daAuts
    D:15: 2029 daAuts
 Snake:2: 2020 daAuts
    D:12: 1791 daAuts
     D:5: 1791 daAuts
     D:6: 1724 daAuts
